[Event "Titled Tuesday Blitz January 10 Late 2023"]
[White "Fernandez Guillen, Ernesto J."]
[Black "Martinez, Marcel"]
[WhiteFideId "3512428"]
[BlackFideId "2016249"]
[WhiteElo "2477"]
[BlackElo "2402"]
[Result "1-0"]
[Round "02"]
[TimeControl "180+2"]
[Date "2023.01.10"]
[WhiteClock "0:01:41"]
[BlackClock "0:00:20"]

1. e4 e5 2. Nf3 Nc6 3. Bc4 Bc5 4. d4 exd4 5. O-O d6 6. c3 dxc3 7. Qb3 Qd7 8. Bg5 h6 9. Bh4 Nd8 10. Nxc3 Ne7 11. Rad1 O-O 12. Ne5 dxe5 13. Rxd7 Bxd7 14. Rd1 Be6 15. Na4 Bd4 16. Bxe7 1-0


[Site "https://www.chess.com"]

[Event "Titled Tuesday Blitz January 10 Late 2023"]
[White "Sielecki, Christof"]
[Black "Boruchovsky, Avital"]
[WhiteFideId "4620437"]
[BlackFideId "2800055"]
[WhiteElo "2419"]
[BlackElo "2539"]
[Result "0-1"]
[Round "02"]
[TimeControl "180+2"]
[Date "2023.01.10"]
[WhiteClock "0:00:20"]
[BlackClock "0:00:40"]

1. e4 e5 2. Nf3 Nc6 3. Bb5 a6 4. Ba4 Nf6 5. d3 d6 6. c3 g6 7. O-O Bg7 8. Re1 O-O 9. Nbd2 b5 10. Bc2 d5 11. a4 Be6 12. b4 h6 13. axb5 axb5 14. Rxa8 Qxa8 15. Nb3 Nd7 16. Be3 f5 17. Nc5 Nxc5 18. Bxc5 Rd8 19. Bb3 Qc8 20. exf5 gxf5 21. Nd2 Qd7 22. Nf1 f4 23. Nd2 Qf7 24. Qc2 Qg6 25. Kh1 Kh7 26. Nf3 Bf6 27. Qe2 Bf5 28. Bc2 Rg8 29. Rg1 e4 30. dxe4 dxe4 31. Nd4 Nxd4 32. Bxd4 f3 33. Qf1 Bxd4 34. cxd4 e3 35. Bxf5 Qxf5 36. fxe3 fxg2+ 0-1


[Site "https://www.chess.com"]

[Event "Titled Tuesday Blitz January 10 Late 2023"]
[White "Corrales Jimenez, Fidel"]
[Black "Richter, Paul"]
[WhiteFideId "3506690"]
[BlackFideId "2046350"]
[WhiteElo "2489"]
[BlackElo "2171"]
[Result "1-0"]
[Round "02"]
[TimeControl "180+2"]
[Date "2023.01.10"]
[WhiteClock "0:01:32"]
[BlackClock "0:00:07"]

1. c4 Nf6 2. g3 g6 3. Bg2 d6 4. Nf3 e5 5. O-O Bg7 6. Nc3 O-O 7. d4 exd4 8. Nxd4 Re8 9. e4 Nbd7 10. h3 a6 11. Be3 Rb8 12. a4 Ne5 13. b3 Bd7 14. Qc2 c5 15. Nde2 b5 16. cxb5 axb5 17. a5 b4 18. Na4 Bb5 19. Rfd1 Qc7 20. Nb6 Red8 21. Nf4 Nc6 22. Nfd5 Nxd5 23. Nxd5 Qa7 24. a6 Nd4 25. Bxd4 cxd4 26. Qc7 Ra8 27. Ra5 Be2 28. Rd2 d3 29. Ne7+ Kh8 30. Qxa7 Rxa7 31. Nc6 Rda8 32. Nxa7 Rxa7 33. Bf1 Bc3 34. Rxe2 dxe2 35. Bxe2 Kg8 36. Rb5 Kg7 37. Rd5 Rd7 38. Bb5 Rd8 39. Bc6 1-0


[Site "https://www.chess.com"]

[Event "Titled Tuesday Blitz January 10 Late 2023"]
[White "Perrine, Dalton"]
[Black "Preotu, Razvan"]
[WhiteFideId "2048434"]
[BlackFideId "2613280"]
[WhiteElo "2228"]
[BlackElo "2475"]
[Result "0-1"]
[Round "02"]
[TimeControl "180+2"]
[Date "2023.01.10"]
[WhiteClock "0:00:01"]
[BlackClock "0:00:03"]

1. Nf3 c5 2. e4 d6 3. Bb5+ Nd7 4. Ba4 Nf6 5. O-O e6 6. Re1 a6 7. c3 b5 8. Bc2 Bb7 9. d4 Be7 10. Nbd2 Qc7 11. Nf1 O-O 12. Ng3 cxd4 13. cxd4 Rfc8 14. Bd3 b4 15. a3 bxa3 16. Rxa3 d5 17. Rc3 Qa5 18. e5 Ne4 19. Nxe4 dxe4 20. Rxc8+ Rxc8 21. Bxe4 Bxe4 22. Rxe4 Nb6 23. Bg5 Bf8 24. Bd2 Qa2 25. Bc3 Nd5 26. Qe1 Rb8 27. Nd2 a5 28. g3 a4 29. Nb1 a3 30. Re2 axb2 31. Bd2 Qb3 32. Kg2 Qd3 33. Re4 Rc8 34. h3 Rc2 0-1


[Site "https://www.chess.com"]

[Event "Titled Tuesday Blitz January 10 Late 2023"]
[White "Jaracz, Pawel"]
[Black "Przybylski, Wojciech"]
[WhiteFideId "1102222"]
[BlackFideId "1117599"]
[WhiteElo "2467"]
[BlackElo "2321"]
[Result "1-0"]
[Round "02"]
[TimeControl "180+2"]
[Date "2023.01.10"]
[WhiteClock "0:02:09"]
[BlackClock "0:00:10"]

1. Nf3 Nf6 2. c4 c6 3. e3 d5 4. Nc3 Bg4 5. h3 Bxf3 6. Qxf3 e6 7. g4 Bd6 8. d4 O-O 9. Bd2 Re8 10. O-O-O dxc4 11. Bxc4 Nd5 12. h4 Nd7 13. g5 Rc8 14. Kb1 b5 15. Bb3 a5 16. Ne4 Bf8 17. h5 e5 18. g6 Qe7 19. Ng5 f6 20. Bxd5+ cxd5 21. Qxd5+ Kh8 22. Nf7+ 1-0


[Site "https://www.chess.com"]

[Event "Titled Tuesday Blitz January 10 Late 2023"]
[White "Yuan, Qingyu"]
[Black "Petukhov, Dmitry"]
[WhiteFideId "8609772"]
[BlackFideId "4142748"]
[WhiteElo "2373"]
[BlackElo "2350"]
[Result "1-0"]
[Round "02"]
[TimeControl "180+2"]
[Date "2023.01.10"]
[WhiteClock "0:00:39"]
[BlackClock "0:00:12"]

1. e4 c5 2. Nf3 d6 3. Bb5+ Nc6 4. O-O Bd7 5. Re1 a6 6. Bf1 Bg4 7. h3 Bh5 8. c3 e5 9. g4 Bg6 10. d4 Qc7 11. Nbd2 h5 12. g5 h4 13. Nc4 O-O-O 14. d5 Nce7 15. a4 f6 16. a5 fxg5 17. Nxg5 Kb8 18. Ne6 Qd7 19. Nb6 Qe8 20. b4 Nf6 21. f3 Bh5 22. bxc5 dxc5 23. Ra2 Rd6 24. Rb2 Qg6+ 25. Rg2 Qf7 26. Nxc5 Ka7 27. Be3 g6 28. Rf2 Bh6 29. Qc1 Bxe3 30. Qxe3 Kb8 31. Rb1 g5 32. Nxa6+ Ka7 33. Nc8+ Ka8 34. Qa7# 1-0


[Site "https://www.chess.com"]

[Event "Titled Tuesday Blitz January 10 Late 2023"]
[White "Yurovskykh, Oleksandr"]
[Black "Bryakin, Mikhail"]
[WhiteFideId "14134020"]
[BlackFideId "4165314"]
[WhiteElo "2328"]
[BlackElo "2455"]
[Result "0-1"]
[Round "02"]
[TimeControl "180+2"]
[Date "2023.01.10"]
[WhiteClock "0:00:08"]
[BlackClock "0:00:05"]

1. d4 d6 2. Nf3 Bg4 3. c4 Nd7 4. Nc3 e5 5. h3 Bxf3 6. exf3 g6 7. d5 Bg7 8. Be2 a5 9. O-O Ne7 10. Rb1 Nc5 11. b3 Nf5 12. Bd3 O-O 13. Bxf5 gxf5 14. Qc2 Qf6 15. Be3 Na6 16. Bd2 Nb4 17. Qd1 c6 18. a3 Nd3 19. Qc2 Nc5 20. b4 axb4 21. axb4 Na6 22. dxc6 bxc6 23. b5 cxb5 24. cxb5 Nc5 25. Be3 Rfc8 26. Nd5 Qe6 27. Nb6 Ra2 28. Qxa2 Qxa2 29. Nxc8 Nb7 30. Ne7+ Kf8 31. Nxf5 Bf6 32. Rbc1 Qe6 33. g4 Bd8 34. Rfd1 d5 35. Rc6 Qd7 36. Bc5+ Kg8 37. Bd6 f6 38. Rxd5 Qe6 39. Rd3 Qa2 40. Rc8 Qb1+ 41. Kg2 Qxd3 42. b6 Kf7 43. Bc7 Qd5 44. Bxd8 Nxd8 45. Rc7+ Kf8 46. Rxh7 Nf7 47. b7 Qb3 48. Nh6 Nd8 49. Rh8+ Ke7 50. Ng8+ Kf7 51. Nh6+ Ke7 52. Nf5+ Kd7 53. Rh7+ Kc6 54. Rh8 Nxb7 55. Rf8 Nc5 56. Rxf6+ Kc7 57. Rf7+ Kc6 58. Rf6+ Kc7 59. Rf7+ Kd8 60. Rf8+ Kd7 61. Rh8 Nd3 62. Rh7+ Kc6 63. Rh6+ Kc5 64. Rh8 Qa2 65. Rc8+ Kb6 66. Rb8+ Kc7 0-1


[Site "https://www.chess.com"]

[Event "Titled Tuesday Blitz January 10 Late 2023"]
[White "Nogerbek, Kazybek"]
[Black "Gurevich, Dmitry"]
[WhiteFideId "13710427"]
[BlackFideId "2000407"]
[WhiteElo "2474"]
[BlackElo "2393"]
[Result "1-0"]
[Round "02"]
[TimeControl "180+2"]
[Date "2023.01.10"]
[WhiteClock "0:00:16"]
[BlackClock "0:00:03"]

1. d4 Nf6 2. Nf3 e6 3. c4 a6 4. Nc3 c5 5. d5 b5 6. dxe6 fxe6 7. cxb5 axb5 8. Nxb5 d5 9. e3 Be7 10. Be2 O-O 11. O-O Nc6 12. Nc3 d4 13. exd4 cxd4 14. Nb5 e5 15. Ng5 Kh8 16. Bd3 h6 17. Ne4 Nd5 18. Bd2 Bf5 19. a3 Rb8 20. Qe2 Qe8 21. Nbd6 Bxd6 22. Nxd6 Bxd3 23. Qxd3 Qe6 24. Ne4 Rxb2 25. Rfc1 Nf4 26. Bxf4 Rxf4 27. Rab1 Rxb1 28. Rxb1 Qf5 29. f3 Ne7 30. Rb8+ Kh7 31. a4 Ng6 32. a5 Qd7 33. a6 Qc7 34. Qb3 Ne7 35. Rb7 Qc1+ 36. Kf2 Rxe4 37. fxe4 Qd2+ 38. Kf1 Qc1+ 39. Ke2 Ng6 40. g3 Qh1 41. a7 Qxh2+ 42. Kd3 Qxg3+ 43. Kc4 1-0


[Site "https://www.chess.com"]

[Event "Titled Tuesday Blitz January 10 Late 2023"]
[White "Yang, Kevin"]
[Black "Timmermans, Mark"]
[WhiteFideId "30908485"]
[BlackFideId "1026399"]
[WhiteElo "2096"]
[BlackElo "2392"]
[Result "1/2-1/2"]
[Round "02"]
[TimeControl "180+2"]
[Date "2023.01.10"]
[WhiteClock "0:00:09"]
[BlackClock "0:00:09"]

1. d4 Nf6 2. Nc3 d5 3. Bf4 e6 4. e3 Bd6 5. Qf3 O-O 6. g4 c5 7. g5 cxd4 8. gxf6 dxc3 9. Qg3 Qxf6 10. Bxd6 cxb2 11. Rb1 Nc6 12. Bxf8 Qc3+ 13. Kd1 Kxf8 14. Qd6+ Kg8 15. Bb5 e5 16. Bxc6 Bg4+ 17. f3 Bf5 18. Ba4 Rc8 19. e4 dxe4 20. Ne2 Qa5 21. Rxb2 Rd8 22. Qxd8+ Qxd8+ 23. Kc1 exf3 24. Ng3 Bg4 25. Rxb7 h5 26. Bb3 h4 27. Rxf7 Kh7 28. Ne4 Qd4 29. Nf6+ Kg6 30. Nxg4 Qa1+ 31. Kd2 Qxh1 32. Nxe5+ Kh7 33. Nxf3 Qg2+ 34. Ke3 h3 35. Rf4 g5 36. Rf7+ Kg6 37. Ne5+ Kh6 38. Rf6+ Kh7 39. Be6 Qg1+ 40. Ke4 Qxh2 41. Bf5+ Kg8 42. Be6+ Kh7 43. Bf5+ Kh8 44. Rg6 Qf4+ 45. Kd5 Qxf5 46. Rxg5 Qxc2 47. Rh5+ Kg7 48. Rxh3 Qxa2+ 49. Ke4 Qg2+ 50. Rf3 a5 51. Kd4 Qb2+ 52. Rc3 a4 53. Nc4 Qb4 54. Kd3 Kf6 55. Ra3 Ke6 56. Rc3 Kd5 57. Ne3+ Ke6 58. Nc2 Qb5+ 59. Kd2 Qa5 60. Kd3 Kd5 61. Ne3+ Ke6 62. Rc6+ Kd7 63. Rc3 Qb5+ 64. Nc4 Qb4 65. Kc2 Ke6 66. Na3 Kd5 67. Nb1 Ke4 68. Nd2+ Kd4 69. Rc4+ Qxc4+ 70. Nxc4 Kxc4 71. Kb2 a3+ 72. Ka2 Kc5 73. Kxa3 1/2-1/2


[Site "https://www.chess.com"]

[Event "Titled Tuesday Blitz January 10 Late 2023"]
[White "ArchibaldCerveza29"]
[Black "Talibov, Shiroghlan"]
[BlackFideId "13429078"]
[WhiteElo "2536"]
[BlackElo "2359"]
[Result "0-1"]
[Round "02"]
[TimeControl "180+2"]
[Date "2023.01.10"]
[WhiteClock "0:00:11"]
[BlackClock "0:01:56"]

1. d4 Nf6 2. Nf3 e6 3. g3 d5 4. Bg2 Nbd7 5. O-O Nb6 6. b3 Be7 7. Bb2 O-O 8. Ne5 a5 9. c4 a4 10. Nd2 c5 11. Ndf3 a3 12. Bc1 Ne4 13. Be3 f6 14. Nd3 dxc4 15. dxc5 Nd5 16. bxc4 Nxe3 17. fxe3 Nxc5 18. Qc2 e5 19. Nd2 Be6 20. Nb3 Na4 21. Bxb7 Rb8 22. Bc6 Nb6 23. Nbc5 Bf7 24. Bb5 Qc8 25. Na6 Ra8 26. c5 Nd5 27. Nab4 Nxe3 28. Qc3 Nxf1 29. Rxf1 Qe6 30. Bc6 Rad8 31. Qxa3 e4 32. Nf4 Bxc5+ 33. Kg2 Bxb4 34. Nxe6 Bxa3 35. Nxf8 Kxf8 36. Bxe4 Bd5 37. Kf3 Bxe4+ 38. Kxe4 Rd2 39. Rf3 Rxe2+ 40. Kf5 Rxa2 41. Rb3 Kf7 42. Rb7+ Be7 43. h4 Ra4 44. h5 g6+ 0-1


[Site "https://www.chess.com"]

[Event "Titled Tuesday Blitz January 10 Late 2023"]
[White "Rangel, Daniel"]
[Black "Maksimovic, Bojan"]
[WhiteFideId "2124475"]
[BlackFideId "14408120"]
[WhiteElo "2207"]
[BlackElo "2486"]
[Result "0-1"]
[Round "02"]
[TimeControl "180+2"]
[Date "2023.01.10"]
[WhiteClock "0:00:09"]
[BlackClock "0:00:09"]

1. c4 g6 2. g3 Bg7 3. Bg2 d6 4. Nc3 Nc6 5. e3 Bd7 6. Nge2 Qc8 7. h4 Nf6 8. Rb1 Ne5 9. d3 Bg4 10. Qa4+ b5 11. cxb5 Nxd3+ 12. Kf1 O-O 13. Nd4 Nc5 14. Qc2 a6 15. b4 Ncd7 16. Nc6 Re8 17. bxa6 Rxa6 18. b5 Rxc6 19. bxc6 Ne5 20. f4 Qa6+ 21. Kg1 Nxc6 22. Nb5 Na5 23. Nxc7 Rc8 24. Nxa6 Rxc2 25. Nb4 Rc8 26. Bb2 Rb8 27. a3 Nc4 28. Kf2 Bf5 29. Bxf6 Bxf6 30. Nc6 Rc8 31. Rbc1 Nxa3 32. e4 Bd7 33. Nb4 Bd4+ 34. Kf3 Nc4 35. Nd5 Kf8 36. Rhd1 e5 37. Bf1 Nd2+ 38. Ke2 Rxc1 39. Rxc1 Nxf1 40. Kxf1 Bb5+ 41. Kg2 Bd3 42. Rc7 Bxe4+ 43. Kh3 Bxd5 44. Rc8+ Kg7 45. Rc7 Be6+ 46. Kh2 e4 47. Kg2 e3 48. Kf3 h5 49. Ke2 Bg4+ 50. Kd3 Bc5 51. Re7 e2 52. Kd2 Bb4+ 53. Kc2 e1=Q 54. Rxe1 Bxe1 0-1


[Site "https://www.chess.com"]

[Event "Titled Tuesday Blitz January 10 Late 2023"]
[White "Makridis, Dimitrios"]
[Black "Krishnan, Varun"]
[WhiteFideId "25864475"]
[BlackFideId "5054508"]
[WhiteElo "2356"]
[BlackElo "2341"]
[Result "1-0"]
[Round "02"]
[TimeControl "180+2"]
[Date "2023.01.10"]
[WhiteClock "0:01:56"]
[BlackClock "0:00:15"]

1. c4 e5 2. Nc3 Nf6 3. g3 c6 4. Bg2 d5 5. cxd5 cxd5 6. e3 Nc6 7. d4 e4 8. f3 Bb4 9. fxe4 dxe4 10. Ne2 O-O 11. O-O Re8 12. a3 Ba5 13. b4 Bc7 14. Bb2 Bg4 15. Qd2 a6 16. Rac1 Qd7 17. Rxf6 gxf6 18. Nxe4 Bd8 19. Nc5 Qe7 20. e4 Rc8 21. Nf4 a5 22. Nd5 Qf8 23. Nxb7 axb4 24. Nxd8 Rexd8 25. Nxf6+ Kh8 26. Nxg4 Nxd4 27. Bxd4+ Rxd4 28. Qxd4+ Kg8 29. Nh6+ Qxh6 30. Rxc8+ 1-0


[Site "https://www.chess.com"]

[Event "Titled Tuesday Blitz January 10 Late 2023"]
[White "Tokhirjonova, Gulrukhbegim"]
[Black "Goltsev, Dmitry"]
[WhiteFideId "14203626"]
[BlackFideId "24176710"]
[WhiteElo "2340"]
[BlackElo "2269"]
[Result "1-0"]
[Round "02"]
[TimeControl "180+2"]
[Date "2023.01.10"]
[WhiteClock "0:01:05"]
[BlackClock "0:00:16"]

1. e4 e6 2. d4 d5 3. e5 c5 4. c3 Nc6 5. Nf3 Nge7 6. Na3 Nf5 7. Nc2 h5 8. Bd3 cxd4 9. cxd4 Be7 10. O-O g5 11. Bxf5 exf5 12. Nfe1 Be6 13. Nd3 Qb6 14. b4 f4 15. Nc5 Bxc5 16. dxc5 Qc7 17. Re1 O-O-O 18. Nd4 a6 19. b5 Nxd4 20. Qxd4 axb5 21. a4 bxa4 22. Rxa4 Kd7 23. h4 gxh4 24. Bxf4 Ra8 25. Rb4 Rhg8 26. Reb1 Ra7 27. Rb6 h3 28. g3 h4 29. Rd6+ Ke8 30. Kh2 hxg3+ 31. Bxg3 Rg4 32. Qd2 Qxc5 33. Rc1 Qa5 34. Qh6 Ra8 35. Qh8+ Ke7 36. Bh4+ Rxh4 37. Qxh4+ Ke8 38. Qh8+ Ke7 39. Qf6+ Ke8 40. Rg1 Kf8 41. Rxe6 Qc5 42. Qh6# 1-0


[Site "https://www.chess.com"]

[Event "Titled Tuesday Blitz January 10 Late 2023"]
[White "Riff, Vincent"]
[Black "Nasuta, Grzegorz"]
[WhiteFideId "617776"]
[BlackFideId "1141686"]
[WhiteElo "2383"]
[BlackElo "2552"]
[Result "0-1"]
[Round "02"]
[TimeControl "180+2"]
[Date "2023.01.10"]
[WhiteClock "0:00:44"]
[BlackClock "0:00:09"]

1. e4 c5 2. Nc3 a6 3. Nf3 d6 4. d4 cxd4 5. Nxd4 e6 6. Be3 Nf6 7. Be2 Be7 8. O-O O-O 9. a4 Nc6 10. Kh1 Qc7 11. f4 Bd7 12. Bg1 Nxd4 13. Qxd4 Bc6 14. Bf3 Rfe8 15. Rad1 Nd7 16. Qf2 Bf6 17. Qg3 Nf8 18. Rfe1 Rad8 19. Rd3 b5 20. axb5 axb5 21. Red1 b4 22. Ne2 Bb5 23. Rb3 Qxc2 24. Nd4 Bxd4 25. Bxd4 e5 26. Rxb4 exd4 27. Rxb5 Rxe4 28. h3 d3 29. Rd5 Re6 30. R5xd3 Qxb2 31. f5 Rf6 32. Rxd6 Rdxd6 33. Rxd6 Qb8 34. Rxf6 Qxg3 35. Rc6 Qf4 36. Rc8 Qxf5 37. Bg4 Qf6 38. Bf3 g6 39. Rc7 Ne6 40. Rc8+ Kg7 41. Rc1 Qf4 42. Rf1 h5 43. Be2 Qe5 44. Bc4 h4 45. Ba2 Nf4 46. Bb1 f5 47. Bc2 Ne2 0-1


[Site "https://www.chess.com"]

[Event "Titled Tuesday Blitz January 10 Late 2023"]
[White "Karacsonyi, Gellert"]
[Black "TheKnightOfBosnia"]
[WhiteFideId "764620"]
[WhiteElo "2385"]
[BlackElo "2537"]
[Result "1-0"]
[Round "02"]
[TimeControl "180+2"]
[Date "2023.01.10"]
[WhiteClock "0:01:22"]
[BlackClock "0:01:05"]

1. e4 e5 2. Nf3 Nc6 3. Bb5 a6 4. Bxc6 dxc6 5. O-O Bd6 6. d4 exd4 7. Qxd4 f6 8. Be3 Ne7 9. Nbd2 Be6 10. Rfd1 Qd7 11. Nc4 Bxc4 12. Qxc4 O-O-O 13. b4 Ng6 14. a4 Rhe8 15. Bc5 Qe6 16. Qc3 Qxe4 17. Bxd6 Rxd6 18. Re1 Nf4 19. Rxe4 Rxe4 20. Kf1 Rde6 21. Re1 Ne2 22. Rxe2 Rxe2 23. Nd4 Re1+ 24. Qxe1 Rxe1+ 25. Kxe1 Kd7 26. Ke2 g6 27. Kd3 Kd6 28. Nb3 Kd5 29. c4+ Kd6 30. f4 b6 31. Kd4 Ke6 32. c5 Kf5 33. Ke3 Ke6 34. Ke4 f5+ 35. Kd4 h6 36. a5 b5 37. Nc1 g5 38. g3 g4 39. Nd3 Kf6 40. Ne5 Kg7 41. Nxc6 Kg6 42. Nb8 c6 43. Nxa6 Kh5 44. Nc7 1-0


[Site "https://www.chess.com"]

[Event "Titled Tuesday Blitz January 10 Late 2023"]
[White "Musovic, Armin"]
[Black "Tanenbaum, Zachary"]
[WhiteFideId "939935"]
[BlackFideId "2060850"]
[WhiteElo "2261"]
[BlackElo "2261"]
[Result "0-1"]
[Round "02"]
[TimeControl "180+2"]
[Date "2023.01.10"]
[WhiteClock "0:00:24"]
[BlackClock "0:00:14"]

1. a3 e5 2. Nc3 d5 3. d4 e4 4. Bf4 Nf6 5. Be5 c6 6. e3 Bd6 7. Bxd6 Qxd6 8. h3 Bf5 9. Nge2 Nbd7 10. g4 Bg6 11. Nf4 Nf8 12. g5 N6d7 13. h4 Ne6 14. Nxe6 fxe6 15. Bh3 O-O 16. Qg4 Bf5 17. Qg2 e5 18. O-O-O exd4 19. Rxd4 Bxh3 20. Rxh3 Qe6 21. h5 Rxf2 22. Qxf2 Qxh3 23. b4 Rf8 24. Qd2 Ne5 25. g6 hxg6 26. hxg6 Nf3 27. Qd1 Nxd4 28. Qxd4 Qf1+ 29. Kb2 b6 30. Nxd5 Re8 31. Nf4 Qb5 32. a4 Qe5 33. Kc3 c5 34. bxc5 bxc5 35. Qxe5 Rxe5 36. Kc4 Kf8 37. Kb5 Ke7 38. c4 Rf5 39. Nd5+ Rxd5 40. cxd5 Kd6 41. Kc4 a5 42. Kb5 Kxd5 43. Kxa5 Kc6 44. Ka6 c4 45. a5 c3 46. Ka7 c2 47. a6 c1=Q 48. Ka8 Qb2 49. Ka7 Qb6+ 0-1


[Site "https://www.chess.com"]

[Event "Titled Tuesday Blitz January 10 Late 2023"]
[White "Atakishiyev, Elmar"]
[Black "Berezin, Viktor"]
[WhiteFideId "13410547"]
[BlackFideId "14107872"]
[WhiteElo "2363"]
[BlackElo "2307"]
[Result "1-0"]
[Round "02"]
[TimeControl "180+2"]
[Date "2023.01.10"]
[WhiteClock "0:01:25"]
[BlackClock "0:01:19"]

1. e4 c6 2. d4 d5 3. e5 Bf5 4. Nf3 e6 5. Be2 c5 6. O-O Nd7 7. c3 Ne7 8. Nbd2 h6 9. Re1 Nc6 10. Nf1 Rc8 11. Ng3 Bh7 12. Be3 Be7 13. a3 cxd4 14. cxd4 O-O 15. b4 f6 16. exf6 Bxf6 17. Rc1 Qe7 18. Bd3 Bxd3 19. Qxd3 a6 20. Nh5 b5 21. Qg6 Qf7 22. Qg4 Kh8 23. Nf4 e5 24. Ng6+ Kh7 25. Nxf8+ Rxf8 26. Rxc6 exd4 27. Bxd4 1-0


[Site "https://www.chess.com"]

[Event "Titled Tuesday Blitz January 10 Late 2023"]
[White "Aguilar, Juan"]
[Black "Riehle, Marco"]
[WhiteFideId "3800091"]
[BlackFideId "12904392"]
[WhiteElo "2254"]
[BlackElo "2368"]
[Result "0-1"]
[Round "02"]
[TimeControl "180+2"]
[Date "2023.01.10"]
[WhiteClock "0:00:49"]
[BlackClock "0:02:18"]

1. g3 d5 2. Bg2 c5 3. d3 Nc6 4. Nf3 e5 5. O-O f6 6. c4 Nge7 7. Nc3 Be6 8. Nd2 Qd7 9. cxd5 Nxd5 10. a4 Be7 11. Nc4 O-O 12. a5 Nd4 13. a6 b6 14. Ne3 Nb4 15. f4 exf4 16. gxf4 Rad8 17. Ra3 Bd6 18. Ne4 Bb8 19. Bd2 Rfe8 20. Ng3 Bf7 21. Bc3 Rxe3 0-1


[Site "https://www.chess.com"]

[Event "Titled Tuesday Blitz January 10 Late 2023"]
[White "Djordjevic, Vuk"]
[Black "Pham, Khoi"]
[WhiteFideId "902098"]
[BlackFideId "1054988"]
[WhiteElo "2375"]
[BlackElo "2355"]
[Result "0-1"]
[Round "02"]
[TimeControl "180+2"]
[Date "2023.01.10"]
[WhiteClock "0:00:02"]
[BlackClock "0:01:23"]

1. d4 Nf6 2. Bg5 Ne4 3. Bf4 c5 4. f3 Nf6 5. dxc5 e6 6. Bd6 Nd5 7. Bxf8 Qh4+ 8. g3 Qb4+ 9. Nd2 Rxf8 10. Qc1 Nc6 11. c3 Qxc5 12. e4 Ne3 13. Nb3 Qb6 14. Bd3 Ne5 15. Ke2 N3c4 16. Nh3 f5 17. exf5 Nxd3 18. Kxd3 Ne5+ 19. Kc2 Nxf3 20. Qd1 Rxf5 21. Nf4 Qf2+ 22. Kb1 Qe3 23. a3 b6 24. Ka2 Bb7 25. Qd6 g5 26. Rhd1 Bc6 27. Nd3 Rd5 28. Qb4 Rxd3 29. Rxd3 Qxd3 30. c4 O-O-O 31. a4 Nd4 32. Nxd4 Qxd4 33. Rc1 Qc5 34. Qb3 Kb7 35. Qd1 d5 36. cxd5 Bxd5+ 37. Ka1 Qb4 38. Qc2 Ka8 0-1


[Site "https://www.chess.com"]

[Event "Titled Tuesday Blitz January 10 Late 2023"]
[White "Winterberg, Lukas"]
[Black "Klukin, Kirill"]
[WhiteFideId "24622702"]
[BlackFideId "24199273"]
[WhiteElo "2402"]
[BlackElo "2390"]
[Result "0-1"]
[Round "02"]
[TimeControl "180+2"]
[Date "2023.01.10"]
[WhiteClock "0:00:16"]
[BlackClock "0:00:09"]

1. d4 Nf6 2. Nf3 e6 3. Bf4 d5 4. e3 Bd6 5. Ne5 b6 6. Nd2 Bb7 7. Bd3 c5 8. c3 Nc6 9. Qa4 Bxe5 10. dxe5 Nd7 11. Bg3 c4 12. Be2 O-O 13. Nf3 Qc7 14. Qc2 Ncxe5 15. Ng5 g6 16. O-O-O Qd8 17. h4 Qe7 18. f4 Nd3+ 19. Bxd3 cxd3 20. Qxd3 Nc5 21. Qc2 f6 22. Nf3 Ne4 23. Be1 Rac8 24. h5 g5 25. Nd2 Nc5 26. Nb3 Ne4 27. Nd2 f5 28. Nxe4 fxe4 29. Bg3 Ba6 30. fxg5 Qxg5 31. Bf4 Rxf4 32. exf4 Qxf4+ 33. Kb1 Bd3 34. Rxd3 exd3 35. Qxd3 Rf8 36. a3 Qf5 37. Kc2 Qxd3+ 38. Kxd3 Rf2 39. b4 Rxg2 40. Kd4 Kf7 41. a4 Rg4+ 42. Kd3 Kf6 43. Rf1+ Ke7 44. Rh1 a5 45. Rb1 Rh4 46. bxa5 bxa5 47. Rb7+ Kf6 48. Rxh7 Rxa4 49. h6 Rh4 50. Ra7 Rxh6 51. Rxa5 Ke5 52. Ra8 Rh3+ 53. Kc2 Ke4 54. Re8 e5 55. Re7 Rh2+ 56. Kb3 Rh5 57. Rd7 Rh6 58. Kc2 Rb6 59. Rd8 Rc6 60. Kd2 Rc7 61. Rd6 Rf7 62. Kc2 Rf2+ 63. Kb3 Rf3 64. Kc2 Rg3 65. Rd8 Rg1 66. Rd7 Rg6 67. Rd8 Rc6 68. Kd2 Rc5 69. Rd7 Ra5 70. Kc2 Ke3 71. Re7 e4 72. Kb3 Kd3 73. Rd7 Rc5 74. Kb4 Rc4+ 75. Kb5 Rxc3 76. Rxd5+ Kc2 77. Re5 e3 78. Kb4 Kd2 79. Rd5+ Rd3 80. Re5 e2 81. Kc4 Rd8 82. Re8 Rxe8 0-1


[Site "https://www.chess.com"]

[Event "Titled Tuesday Blitz January 10 Late 2023"]
[White "Injac, Teodora"]
[Black "Ladan, Nicholas"]
[WhiteFideId "932400"]
[BlackFideId "30918855"]
[WhiteElo "2391"]
[BlackElo "2228"]
[Result "1-0"]
[Round "02"]
[TimeControl "180+2"]
[Date "2023.01.10"]
[WhiteClock "0:00:13"]
[BlackClock "0:00:14"]

1. Nf3 d5 2. g3 g6 3. Bg2 Bg7 4. d4 Nf6 5. O-O O-O 6. c4 c6 7. a4 Bf5 8. Nc3 dxc4 9. a5 Ne4 10. Nh4 Nd6 11. Nxf5 gxf5 12. Bf4 Na6 13. Qd2 Kh8 14. h4 Rg8 15. h5 Ne4 16. Nxe4 fxe4 17. Rad1 f5 18. f3 Qd5 19. Qe3 Rad8 20. fxe4 Qxd4 21. exf5 Qxe3+ 22. Bxe3 Bxb2 23. h6 Rd6 24. Rxd6 exd6 25. f6 Rf8 26. f7 Nc5 27. Bg5 Ne6 28. Be7 Bd4+ 29. Kh1 c3 30. Bh3 Rxf7 31. Rxf7 c2 32. Rf1 Bb2 33. Bxe6 b5 34. Rf8# 1-0


[Site "https://www.chess.com"]

[Event "Titled Tuesday Blitz January 10 Late 2023"]
[White "Ruiz Castillo, Joshua Daniel"]
[Black "Bambino Filho, Antonio Carlos"]
[WhiteFideId "4400704"]
[BlackFideId "2113163"]
[WhiteElo "2459"]
[BlackElo "2144"]
[Result "1-0"]
[Round "02"]
[TimeControl "180+2"]
[Date "2023.01.10"]
[WhiteClock "0:01:46"]
[BlackClock "0:00:57"]

1. b3 d5 2. Bb2 Nf6 3. Nf3 g6 4. Bxf6 exf6 5. d4 Bg7 6. g3 O-O 7. Bg2 a5 8. O-O a4 9. b4 Nd7 10. a3 b6 11. Ne1 c6 12. c4 Bb7 13. cxd5 cxd5 14. Nc3 Re8 15. Bxd5 Bxd5 16. Nxd5 f5 17. e3 Nf8 18. Nc3 Qd7 19. Nd3 Ne6 20. Nb2 b5 21. Nd3 Ng5 22. h4 Ne4 23. Nc5 Nxc3 24. Nxd7 Nxd1 25. Rfxd1 Rac8 26. Rac1 f4 27. gxf4 Bf8 28. Nxf8 Kxf8 29. Rc5 1-0


[Site "https://www.chess.com"]

[Event "Titled Tuesday Blitz January 10 Late 2023"]
[White "Hansen, Torbjorn Ringdal"]
[Black "Goryachkina, Aleksandra"]
[WhiteFideId "1501720"]
[BlackFideId "4147103"]
[WhiteElo "2432"]
[BlackElo "2571"]
[Result "1-0"]
[Round "02"]
[TimeControl "180+2"]
[Date "2023.01.10"]
[WhiteClock "0:00:27"]
[BlackClock "0:00:04"]

1. c4 Nf6 2. g3 c5 3. Bg2 Nc6 4. Nc3 g6 5. Nf3 Bg7 6. d4 cxd4 7. Nxd4 O-O 8. O-O Qa5 9. h3 d6 10. e3 Bd7 11. Bd2 Qc7 12. Rc1 Nxd4 13. exd4 Rac8 14. b3 h6 15. Re1 e5 16. Nb5 Bxb5 17. cxb5 Qb6 18. dxe5 dxe5 19. Qe2 Rxc1 20. Rxc1 Re8 21. a4 e4 22. Be3 Qe6 23. Qc4 Nd5 24. Bxa7 b6 25. Qc6 Qe5 26. Bxb6 Re6 27. Qa8+ Kh7 28. Bc5 Qb2 29. Qxd5 Qxc1+ 30. Kh2 Re5 31. Be3 Rxd5 32. Bxc1 f5 33. Be3 Bd4 34. Bxd4 Rxd4 35. Bf1 Rd2 36. Kg1 Rd1 37. b6 Rb1 38. Kg2 Rxb3 39. Bb5 e3 40. fxe3 Rb2+ 41. Kf3 Rd2 42. a5 Rd5 43. b7 1-0


[Site "https://www.chess.com"]